 Dungeon Crawl Stone Soup version 0.30-b1-2-g02819fbbbe (webtiles) character file.

Game seed: 9635354797293082089

(classic levelgen) 1196 EnegeticOcto the Chopper (level 8, -3/71 HPs)
             Began as a Minotaur Fighter on May 8, 2023.
             Was a Believer of the Shining One.
             Slain by an orc
             ... wielding a +0 whip
              (4 damage)
             ... on level 5 of the Dungeon.
             The game lasted 00:01:46 (3533 turns).

EnegeticOcto the Chopper (Minotaur Fighter)         Turns: 3533, Time: 00:01:47

Health: -3/71      AC: 14    Str: 22    XL:     8   Next: 20%
Magic:  7/7        EV:  6    Int:  5    God:    the Shining One [**....]
Gold:   178        SH:  0    Dex: 11    Spells: 7/7 levels left

rFire   . . .        u - +0 battleaxe
rCold   . . .        (shield currently unavailable)
rNeg    + . .        k - +0 plate armour
rPois   .            (helmet restricted)
rElec   .            h - +0 cloak
rCorr   .            (no gloves)
SInv    .            (no boots)
Will    .....        (no amulet) Stlth
                     (no ring)
HPRegen 0.31/turn    (no ring)
MPRegen 0.10/turn

%: no passive effects
@: weakened, glowing
A: horns 2, retaliatory headbutt
a: Renounce Religion, Divine Shield


You were on level 5 of the Dungeon.
You worshipped the Shining One.
The Shining One was pleased with you.
You visited 1 branch of the dungeon, and saw 5 of its levels.

You collected 217 gold pieces.
You spent 39 gold pieces at shops.

Inventory:

Hand Weapons
 a - a +0 war axe
 u - a +0 battleaxe (weapon)
   (You took it off an orc warrior on level 4 of the Dungeon)
Armour
 b - a +0 scale mail
 c - a +0 buckler
 h - a +0 cloak (worn)
   (You found it on level 1 of the Dungeon)
 k - a +0 plate armour (worn)
   (You found it on level 2 of the Dungeon)
Scrolls
 e - 9 scrolls of identify {unknown}
 f - 2 scrolls of fear {unknown}
 g - 3 scrolls of teleportation {@r3}
 l - 5 scrolls of noise {unknown}
 m - a scroll of amnesia {unknown}
 s - a scroll of immolation {unknown}
 t - a scroll of enchant armour {unknown}
 v - a scroll of magic mapping {unknown}
 w - a scroll of blinking {unknown}
Potions
 d - a potion of might {@q3}
 i - a potion of degeneration {unknown}
 j - 3 potions of flight {unknown}
 n - a potion of mutation {unknown}
 o - 3 potions of heal wounds {unknown}
 p - 2 potions of lignification {unknown}
 q - a potion of curing {unknown}
 r - a potion of magic {unknown}


   Skills:
 + Level 6.4 Fighting
 * Level 7.7 Axes
 + Level 6.3 Armour
 + Level 6.4 Shields


You had 7 spell levels left.
You didn't know any spells.
Your spell library was empty.

Dungeon Overview and Level Annotations

Branches:
Dungeon (5/15)
 Temple: D:4-7

Altars:
Hepliaklqana
Okawaru
The Shining One

Shops:
D:3 ?


Innate Abilities, Weirdness & Mutations

You have a pair of horns on your head.
You reflexively headbutt those who attack you in melee.


Message History

You are no longer corroded.
You now have 178 gold pieces (gained 12).
An iguana comes into view.
The iguana hisses angrily.
The iguana barely misses you.
You barely miss the iguana. The iguana closely misses you.
You furiously retaliate!
You headbutt the iguana! You slash the iguana!
You kill the iguana!
No target in view!
No target in view!
A hound comes into view.
The hound barks!
A hound is nearby!
A hound is nearby!
A hound is nearby!
A hound is nearby!
You slice the hound!!
You kill the hound!
No target in view!
No target in view!
No target in view!
No target in view!
No target in view!
No target in view!
Found a stone staircase leading down.
An orc comes into view. It is wielding a +0 club.
The orc shouts!
You hear an angry hiss.
An orc comes into view. It is wielding a +0 dagger.
A gnoll comes into view. It is wielding a +0 flail.
The orc shouts!
The gnoll shouts!
You hear a shout!
There are monsters nearby! 2 gnolls, a wyvern and an orc come into view.
The gnoll shouts!
The wyvern hisses angrily.
The orc shouts!
A gnoll bouda comes into view. It is wielding a +0 whip.
Found a stone staircase leading up.
The wyvern bites you but does no damage.
You barely miss the wyvern. The wyvern bites you!
The wyvern bites you but does no damage.
You hit the wyvern.
You headbutt the wyvern, but do no damage.
The wyvern is moderately wounded.
You barely miss the orc. The wyvern bites you!
The orc hits you but does no damage.
The gnoll bouda gazes fiercely through you!
You feel your attacks grow feeble. The wyvern bites you!
The orc hits you but does no damage.
The gnoll hits you from afar with a +0 halberd.
The gnoll hits you but does no damage.
You hit the wyvern.
The wyvern is moderately wounded.
You hit the orc but do no damage. You barely miss the orc.
The wyvern bites you.
The wyvern bites you but does no damage.
The orc barely misses you. x2
The gnoll hits you from afar with a +0 halberd.
The gnoll hits you from afar with a +0 halberd!
You are too injured to fight recklessly!
You are too injured to fight recklessly!
You are too injured to fight recklessly!
You are too injured to fight recklessly!
You are too injured to fight recklessly!
You are too injured to fight recklessly!
You are too injured to fight recklessly!
You are too injured to fight recklessly!
You are too injured to fight recklessly!
You are too injured to fight recklessly!
You are too injured to fight recklessly!
You are too injured to fight recklessly!
You are too injured to fight recklessly!
You slash the orc!
You kill the orc!
You hit the wyvern. You hit the orc.
The wyvern bites you but does no damage.
The gnoll hits you but does no damage. The orc hits you but does no damage.
The gnoll hits you from afar with a +0 halberd.
The wyvern bites you but does no damage.
You hit the wyvern but do no damage. You headbutt the wyvern.
The wyvern is severely wounded.
You barely miss the orc. You slash the gnoll bouda! The wyvern bites you.
The gnoll hits you from afar with a +0 halberd.
* * * LOW HITPOINT WARNING * * *
The orc completely misses you. You furiously retaliate!
You headbutt the orc. The gnoll barely misses you.
The wyvern bites you but does no damage.
The gnoll completely misses you. The gnoll hits you with a +0 flail.
* * * LOW HITPOINT WARNING * * *
The gnoll hits you but does no damage.
The gnoll bouda hits you with a +0 whip.
* * * LOW HITPOINT WARNING * * *
The orc hits you but does no damage.
You slash the wyvern!
The wyvern is almost dead.
You slash the gnoll bouda! You barely miss the orc. You barely miss the gnoll.
The wyvern barely misses you. The wyvern bites you!
* * * LOW HITPOINT WARNING * * *
The gnoll hits you from afar with a +0 halberd.
* * * LOW HITPOINT WARNING * * *
The orc hits you with a +0 whip.
You die...

##.#.##.#
#.......#######
.....##)#
###..####
.....#).# #.##
.#.#....# ##.##
##.###..### #...##
##.##.....#...#..#
#..##.##....####.#
#.###....##.####.#
#.###..####....g@#
#.##...#
#....oglo.....
#.....##
#....g.g.......
..###.#
#............<.
#.# #.#
#..............
#.# #.#
#..............
#.# ..#
#..............
#.# .##
#..............
#.. .


You could see a wyvern, a gnoll bouda, 3 gnolls and 2 orcs.

Vanquished Creatures
  Sigmund (D:2)
  Eustachio (D:5)
  An orc warrior (D:4)
  2 ogres (D:5)
  2 phantoms
  A scorpion (D:5)
  3 hounds
  A jelly (D:5)
  A sleepcap (D:5)
  A gnoll bouda (D:3)
  4 iguanas
  Robin (D:4)
  7 gnolls
  2 adders
  A white imp (D:5)
  A worm (D:2)
  3 orcs
  3 endoplasms
  2 giant cockroaches (D:1)
  15 goblins
  9 hobgoblins
  3 quokkas
  6 ball pythons
  4 bats
  5 frilled lizards
  5 kobolds
  4 rats
89 creatures vanquished.

Vanquished Creatures (others)
  3 plants (D:3)
3 creatures vanquished.

Grand Total: 92 creatures vanquished

Notes
Turn   | Place    | Note
-------+----------+-------------------------------------------
     0 | D:1      | EnegeticOcto the Minotaur Fighter began the quest for the
                  | Orb.
     0 | D:1      | Reached XP level 1. HP: 19/19 MP: 0/0
   193 | D:1      | Reached XP level 2. HP: 21/27 MP: 1/1
   300 | D:1      | Reached skill level 3 in Axes
   581 | D:2      | Found an iron altar of Okawaru.
   828 | D:2      | Reached XP level 3. HP: 26/33 MP: 2/2
   918 | D:2      | Identified the +6 mace of Domination {pain, rPois rN+ rCorr
                  | Str-4}
  1020 | D:2      | Noticed Sigmund
  1052 | D:2      | Killed Sigmund
  1053 | D:2      | Reached skill level 4 in Axes
  1053 | D:2      | Reached XP level 4. HP: 25/41 MP: 3/3
  1053 | D:2      | Reached XP level 5. HP: 29/47 MP: 4/4
  1422 | D:3      | Found a faded altar of an unknown god.
  1433 | D:3      | Prayed at the altar of an unknown god.
  1433 | D:3      | Became a worshipper of the Shining One
  1433 | D:3      | Reached * piety under the Shining One
  1598 | D:3      | Reached skill level 5 in Axes
  1603 | D:3      | Reached XP level 6. HP: 22/55 MP: 5/5
  1784 | D:3      | Found Xiocatic's Magic Scroll Boutique.
  1789 | D:3      | Bought a scroll of teleportation for 39 gold pieces
  1971 | D:3      | Found a hazy altar of Hepliaklqana.
  2096 | D:4      | Reached skill level 5 in Fighting
  2133 | D:4      | Reached skill level 5 in Armour
  2133 | D:4      | Reached skill level 5 in Shields
  2235 | D:4      | Noticed Robin
  2243 | D:4      | Killed Robin
  2623 | D:4      | Noticed an orc warrior
  2623 | D:4      | Reached ** piety under the Shining One
  2628 | D:4      | Killed an orc warrior
  2629 | D:4      | Reached skill level 6 in Axes
  2629 | D:4      | Reached XP level 7. HP: 52/61 MP: 6/6
  2782 | D:5      | Entered Level 5 of the Dungeon
  2868 | D:5      | Noticed Eustachio
  2887 | D:5      | Killed Eustachio
  2888 | D:5      | Reached skill level 7 in Axes
  3301 | D:5      | Reached XP level 8. HP: 70/70 MP: 7/7
  3533 | D:5      | HP: 1/71 [gnoll/+0 halberd[a gnoll bouda] (3)]
  3533 | D:5      | Slain by an orc

Illustrated notes

Levels and vault maps discovered:
D:1:      evilmike_arrival_crescent, layout_basic
D:2:      layout_loops_ring, basic_altar, minmay_close_crescents, uniq_sigmund
D:3:      layout_loops_ring, mainiacjoe_overflow_alcove_2, serial_shops, shop,
          ebering_ecumenical_altar_rust, nicolae_grassy_gnolls
D:4:      layout_loops_cross, nicolae_nh_ransacked_shop, uniq_robin
D:5:      layout_rooms, uniq_eustachio

Skill      XL: |  1  2  3  4  5  6  7 |
---------------+----------------------+-----
Axes           | 3 4 5 6 7 |  7.7
Fighting       | 4 5 6 |  6.4
Shields        | 4 5 6 |  6.4
Armour         | 4 5 6 |  6.3

Action                     |  1- 3 |  4- 6 |  7- 9 || total
---------------------------+-------+-------+-------++-------
  Melee: War axe           |    92 |    76 |     1 ||   169
         Headbutt          |     5 |    16 |    12 ||    33
         Battleaxe         |       |       |    51 ||    51
 Armour: Scale mail        |    34 |       |       ||    34
         Plate armour      |    18 |    51 |    42 ||   111
  Dodge: Dodged            |    48 |    24 |    25 ||    97
  Block: Buckler           |    15 |    19 |       ||    34
